Map: [TLMC21] 10000 Feet

Players

LQDSKillous (SKillous)

  • Race: Protoss Protoss
  • Spawn Location: 11:00

SpeCial - Winner!

  • Race: Terran Terran
  • League: Grandmaster
  • Spawn Location: 5:00

VOD

Have the link to the VOD?

Description

Time

  • Played on: Oct. 12, 2025, 12:57 p.m.
  • Length: 4:51
Show
View Real Time Build Order
Export as new Build Order

LQDSKillous Protoss 

Build Orders: 1 Gate Expand 

Get SALT Encoding   

  12  0:00  Probe  
  13  0:12  Probe  
  14  0:17  Pylon  
  14  0:24  Probe  
  15  0:32  Probe  
  15  0:36  Gateway  
  15  0:40  Probe  
  16  0:48  Assimilator  
  17  0:51  Probe  
  18  1:03  Probe  
  19  1:15  Probe  
  20  1:23  Cybernetics Core  
  22  1:35  Nexus  
  20  1:42  Pylon  
  20  1:44  Probe  
  21  1:48  Stalker  
  21  1:49  Assimilator  
  21  1:56  Probe  
  24  2:03  Warp Gate  
  24  2:08  Probe  
  25  2:14  Shield Battery  
  25  2:20  Probe  
  26  2:27  Twilight Council  
  26  2:32  Probe  
  26  2:34  Stalker  
  27  2:43  Charge  
  29  2:44  Probe  
  29  2:45  Probe  
  31  2:56  Probe x2, Gateway  
  33  3:10  Probe  
  35  3:15  Gateway  
  34  3:24  Gateway  
  34  3:26  Gateway  
  33  3:34  Gateway  
  33  3:38  Pylon  
  33  3:51  Stalker  
  33  3:52  Stalker  
  33  3:53  Probe x2  
  29  4:14  Zealot x3  
  34  4:20  Zealot x2  
  30  4:35  Stalker x2  
  25  4:38  Stalker  
Show
View Real Time Build Order
Export as new Build Order

SpeCial Terran - Winner!

Build Orders: 1/1/1, Cyclone Opening 

Get SALT Encoding   

  12  0:00  SCV  
  13  0:12  SCV  
  14  0:17  Supply Depot  
  14  0:24  SCV  
  15  0:39  SCV  
  15  0:40  Barracks  
  16  0:44  Refinery  
  16  0:51  SCV  
  16  0:54  Refinery  
  17  1:03  SCV  
  18  1:15  SCV  
  19  1:26  Marine  
  19  1:28  Orbital Command  
  20  1:33  Factory  
  20  1:42  Supply Depot  
  20  1:46  Barracks Reactor  
  20  1:54  SCV  
  21  2:07  SCV  
  22  2:11  Supply Depot  
  22  2:17  Factory Tech Lab  
  22  2:18  Starport  
  22  2:23  Marine  
  22  2:24  Marine  
  22  2:28  SCV  
  25  2:37  Cyclone  
  25  2:41  SCV  
  29  2:45  Marine x2  
  31  2:52  Supply Depot  
  31  2:57  Medivac  
  33  3:04  Marine  
  35  3:08  Marine  
  35  3:13  Siege Tank  
  38  3:22  Marine  
  38  3:26  Marine  
  40  3:31  Liberator  
  43  3:40  Marine  
  44  3:44  Marine  
  42  3:58  Marine, SCV  
  42  4:02  Marine  
  45  4:27  Marine x2  
Tags
 
Add a new tag
Caveats
  • Supply blocks, unpowered buildings, or Contaminate may cause inaccurate times.
  • Supply counts are checked every 10 seconds.